 Dungeon Crawl Stone Soup version 0.21.1-1-g345015f (webtiles) character file.

337 letownia2 the Charmwright (level 6, -1/48 HPs)
             Began as a Merfolk Skald on Mar 13, 2018.
             Slain by a scorpion (6 damage)
             ... on level 6 of the Dungeon.
             The game lasted 00:11:54 (1899 turns).

letownia2 the Charmwright (Merfolk Skald)           Turns: 1899, Time: 00:11:55

Health: -1/48      AC:  3    Str: 10 (11) XL:     6   Next: 54%
Magic:  2/9        EV: 12    Int: 12 (14) God:
Gold:   61         SH:  0    Dex: 13 (14) Spells: 0/9 levels left

rFire    . . .     SeeInvis .   q - +1 rapier (flame)
rCold    . . .     Gourm    .   (no shield)
rNeg     . . .     Faith    .   b - +0 leather armour
rPois    .         Spirit   .   (no helmet)
rElec    .         Reflect  .   (no cloak)
rCorr    .         Harm     .   (no gloves)
MR       .....                  (no boots)
Stlth    +.........             (no amulet)
HPRegen  0.16/turn              (no ring)
MPRegen  0.11/turn              (no ring)

@: lethally poisoned (-1 -> -15)
A: change form in water, swift swim, stealthy swim
a: no special abilities


You were on level 6 of the Dungeon.
You were not hungry.

You visited 1 branch of the dungeon, and saw 6 of its levels.

You collected 61 gold pieces.

Inventory:

Hand Weapons
 a - a +0 spear
 c - a +0 blowgun
 q - a +1 rapier of flaming (weapon)
Missiles
 m - 11 poisoned needles
 n - 3 tomahawks (quivered)
Armour
 b - a +0 leather armour (worn)
 g - a +0 ring mail
 w - a +0 buckler
Scrolls
 e - 7 scrolls of identify {unknown}
 f - a scroll of amnesia {unknown}
 h - a scroll of enchant weapon {unknown}
 i - a scroll of enchant armour {unknown}
 o - a scroll of magic mapping {unknown}
 s - 2 scrolls of teleportation {unknown}
 t - 2 scrolls of remove curse {unknown}
 x - a scroll of blinking {unknown}
Potions
 j - a potion of cancellation {unknown}
 k - a potion of degeneration
 p - a potion of agility {unknown}
 r - a potion of flight {unknown}
 u - a potion of invisibility {unknown}
 v - a potion of lignification {unknown}
 A - a potion of haste {unknown}
Books
 l - a book of Battle

   Spells                             Type                      Level
   a - Infusion                       Charms                       1
   b - Shroud of Golubria             Charms/Translocation         2
   c - Song of Slaying                Charms                       2
   d - Spectral Weapon                Hexes/Charms                 3
   e - Regeneration                   Charms/Necromancy            3
Comestibles
 d - 3 rations
 z - 2 chunks of flesh


   Skills:
 - Level 4.1 Fighting
 - Level 4.2 Polearms
 - Level 0.6 Armour
 - Level 2.6 Dodging
 + Level 2.0 Spellcasting
 - Level 1.0 Hexes
 - Level 5.5 Charms
 + Level 0.9 Necromancy
 - Level 1.5 Translocations


You couldn't memorise any spells.
You knew the following spells:

 Your Spells              Type           Power        Failure   Level  Hunger
a - Infusion              Chrm           ##..         3%          1    ##.....
g - Regeneration          Chrm/Necr      #.........   28%         3    ####...
t - Shroud of Golubria    Chrm/Tloc      #.........   13%         2    ###....
x - Spectral Weapon       Hex/Chrm       #.......     28%         3    ####...


Dungeon Overview and Level Annotations

Branches:
Dungeon (6/15)
 Temple: D:4-7

Altars:
Makhleb
Okawaru
Ru

Annotations:
D:4 Spoonicorn's ghost, amateur OgBe
D:5 Pikel; Sigmund; letownia2's ghost, amateur MfSk


Message History

Your shroud falls apart!
The scorpion stings you.
* * * LOW HITPOINT WARNING * * *
You are lethally poisoned!
The scorpion poisons you!
Unknown command.
Casting: Shroud of Golubria
Confirm with . or Enter, or press ? or * to list all spells.
Space distorts slightly along a thin shroud covering your body.
* * * LOW HITPOINT WARNING * * *
You feel sick. The scorpion stings you!
* * * LOW HITPOINT WARNING * * *
Your shroud falls apart!
Unknown command.
It was a potion of degeneration.
There was something very wrong with that liquid.
You feel weakened.
You feel dopey.
You feel clumsy.
* * * LOW HITPOINT WARNING * * *
You feel sick. The scorpion stings you.
You die...

# #...# # ##...# ...
## ##....## #...
.#######......# #...
>....##.......## ..#
...............###..#
..........####..#..#
.........##
##.s..####.
.........# #.@.......
..........#
#......####
.....##.............#
.....####.....##....#
......# #...# #....#
...#.... ##.. #....#
..##.... ... ##....
.# .. ..... .#


You could see a scorpion.

Vanquished Creatures
  A slave (D:6)
  An ogre (D:5)
  A bullfrog (D:6)
  A hound (D:4)
  A bullfrog skeleton (D:6)
  2 worker ants
  2 adders
  An adder zombie (D:6)
  An adder skeleton (D:4)
  2 worms (D:2)
  A dart slug (D:1)
  2 leopard geckos
  An orc (D:3)
  4 giant cockroaches
  3 goblins
  4 hobgoblins
  9 jackals (D:3)
  2 kobolds
  A quokka (D:2)
  6 bats
  4 frilled lizards
  A jackal zombie (D:5)
  5 rats
56 creatures vanquished.

Notes
Turn   | Place    | Note
-------+----------+-------------------------------------------
     0 | D:1      | letownia2 the Merfolk Skald began the quest for the Orb.
     0 | D:1      | Reached XP level 1. HP: 16/16 MP: 3/3
   119 | D:1      | Reached XP level 2. HP: 9/22 MP: 5/5
   128 | D:1      | Learned a level 2 spell: Shroud of Golubria
   399 | D:2      | Reached skill level 1 in Translocations
   399 | D:2      | Reached XP level 3. HP: 19/27 MP: 0/6
   435 | D:2      | Learned a level 3 spell: Spectral Weapon
   672 | D:3      | Reached skill level 1 in Hexes
   849 | D:3      | Reached XP level 4. HP: 11/33 MP: 0/7
   858 | D:3      | Reached skill level 4 in Charms
   907 | D:3      | Found a burning altar of Makhleb.
   911 | D:3      | Found a sacrificial altar of Ru.
  1016 | D:5      | Entered Level 5 of the Dungeon
  1016 | D:5      | Noticed letownia2's ghost (amateur MfSk)
  1032 | D:4      | Found an iron altar of Okawaru.
  1428 | D:4      | Reached XP level 5. HP: 20/38 MP: 3/8
  1447 | D:4      | Reached skill level 5 in Charms
  1484 | D:4      | Noticed Spoonicorn's ghost (amateur OgBe)
  1570 | D:5      | Noticed an ogre
  1577 | D:5      | Killed an ogre
  1577 | D:5      | Reached XP level 6. HP: 38/48 MP: 3/9
  1586 | D:5      | Noticed Sigmund
  1682 | D:5      | Noticed a slave
  1683 | D:5      | Noticed a slave
  1684 | D:5      | Noticed Pikel
  1684 | D:5      | Noticed a slave
  1721 | D:6      | Killed a slave
  1740 | D:6      | Learned a level 3 spell: Regeneration
  1899 | D:6      | Slain by a scorpion

Skill      XL: |  1  2  3  4  5  6 |
---------------+-------------------+-----
Polearms       | 4 |  4.2
Translocations | 1 |  1.5
Hexes          | 1 |  1.0
Charms         | 4 5 |  5.5
Fighting       | 3 4 |  4.1
Armour         | |  0.6
Dodging        | |  2.6
Spellcasting   | |  2.0
Necromancy     | |  0.9

Action                   |  1- 3 |  4- 6 || total
-------------------------+-------+-------++-------
Melee: Spear             |   159 |    32 ||   191
       Rapier            |       |    48 ||    48
 Fire: Blowgun           |     8 |     4 ||    12
Throw: Tomahawk          |       |     2 ||     2
 Cast: Infusion          |     7 |       ||     7
       Shroud of Golubri |    13 |    23 ||    36
       Spectral Weapon   |       |     6 ||     6
       Regeneration      |       |     1 ||     1
  Use: Potion            |       |     1 ||     1
  Eat: Chunk             |     1 |     7 ||     8
Armor: Leather armour    |    42 |    28 ||    70
Dodge: Dodged            |   103 |    57 ||   160
